 Dungeon Crawl Stone Soup version 0.20-b1-18-gaa2fd62 (webtiles) character file.

27416 ChaseSP the Earth Mage (level 13, -10/79 HPs)
             Began as a Gargoyle Earth Elementalist on May 24, 2017.
             Was a High Priest of Vehumet.
             Mangled by gainkiller's ghost (12 damage)
             ... on level 3 of the Lair of Beasts.
             The game lasted 00:50:35 (17876 turns).

ChaseSP the Earth Mage (GrEE)                      Turns: 17876, Time: 00:50:36

Health: -10/79     AC: 30    Str: 12    XL:     13   Next: 32%
Magic:  2/17       EV: 13    Int: 21    God:    Vehumet [*****.]
Gold:   530        SH:  0    Dex: 10    Spells: 10/27 levels left

rFire    + + .     SeeInvis +   n - +0 lajatang of War {slice, rPois SInv}
rCold    . . .     Gourm    .   (shield currently unavailable)
rNeg     + . .     Faith    .   F - +3 leather armour
rPois    ∞         Spirit   .   A - +2 helmet
rElec    +         Reflect  .   h - +0 cloak
rCorr    .         Harm     .   f - +1 pair of gloves
MR       .....     Rnd*Rage +   C - +2 pair of boots {Stlth+}
Stlth    +++.......             (no amulet)
Regen    0.3/turn               L - ring of wizardry
MPRegen  0.2/turn               B - ring of protection from fire

@: no status effects
A: slimy green scales 1, thin metallic scales 1, berserk 1, fire resistance 1,
low mp 3, mutation resistance 1, negative energy resistance 1, robust 1,
electricity resistance, unbreathing, petrification resistance, rot immunity,
MP-powered wands, AC +9
a: Renounce Religion


You were on level 3 of the Lair of Beasts.
You worshipped Vehumet.
Vehumet was extremely pleased with you.
You were not hungry.

You visited 2 branches of the dungeon, and saw 15 of its levels.
You also visited: Ossuary.

You collected 855 gold pieces.
You spent 325 gold pieces at shops.

Inventory:

Hand Weapons
 n - the +0 lajatang of War (weapon) {slice, rPois SInv}
   (You acquired it on level 11 of the Dungeon)

   It inflicts extra damage upon your enemies.
   It protects you from poison.
   It lets you see invisible.
 o - a +0 rapier
Missiles
 b - 449 stones (quivered)
Armour
 f - a +1 pair of gloves (worn)
 h - a +0 cloak (worn)
 A - a +2 helmet (worn)
 C - a +2 pair of boots of stealth (worn)
 F - a +3 leather armour (worn)
Magical Staves
 I - an uncursed staff of conjuration
 O - an uncursed staff of earth
Jewellery
 t - a +2 ring of strength
 B - a ring of protection from fire (right hand)
 L - a ring of wizardry (left hand)
Wands
 g - a wand of flame (18/48)
 i - a wand of enslavement (7/24)
 r - a wand of paralysis (8/24)
 s - a wand of polymorph (12/24)
 w - a wand of flame (26/48)
 y - a wand of flame (6/48)
 J - a wand of paralysis (20/24)
 Q - a wand of scattershot (7/9)
Scrolls
 j - 3 scrolls of enchant armour
 k - 2 scrolls of blinking
 l - 2 scrolls of amnesia
 v - 4 scrolls of magic mapping
 z - 5 scrolls of teleportation
 G - 6 scrolls of identify
 H - 3 scrolls of remove curse
 K - 2 scrolls of enchant weapon
Potions
 a - 4 potions of flight
 c - 7 potions of curing
 p - 3 potions of agility
 u - a potion of resistance
 x - a potion of berserk rage
 D - 2 potions of brilliance
 E - a potion of haste
 M - 2 potions of might
 N - a potion of heal wounds
Books
 e - a book of Geomancy

   Spells                             Type                      Level
   a - Sandblast                      Earth                        1
   b - Passwall                       Transmutation/Earth          2
   c - Stone Arrow                    Conjuration/Earth            3
   d - Petrify                        Transmutation/Earth          4
   e - Lee's Rapid Deconstruction     Earth                        5
Comestibles
 d - 9 bread rations
 m - 10 meat rations
 q - 10 royal jellies
 P - 3 fruits
 R - a chunk of flesh


   Skills:
 - Level 5.1 Fighting
 * Level 9.4 Staves
 - Level 7.4 Armour
 - Level 4.9 Dodging
 - Level 2.1 Stealth
 + Level 7.8 Spellcasting
 - Level 8.7 Conjurations
 - Level 2.3 Transmutations
 * Level 15.3 Earth Magic


You had 10 spell levels left.
You knew the following spells:

 Your Spells              Type           Power        Failure   Level  Hunger
a - Sandblast             Erth           ######       0%          1    None
b - Passwall              Tmut/Erth      #####.....   1%          2    None
c - Stone Arrow           Conj/Erth      ######       1%          3    None
d - Lee's Rapid Deconstr  Erth           ######....   1%          5    #####..
e - Blink                 Tloc           N/A          6%          2    None
f - Petrify               Tmut/Erth      #####...     1%          4    ###....


Dungeon Overview and Level Annotations

Branches:
Dungeon (12/15)            Temple (0/1) D:5            Lair (3/6) D:11
    Orc (0/2) D:10
  Swamp: Lair:2-4    Shoals: Lair:2-4     Snake: Lair:2-4    Spider: Lair:2-4

Altars:
Ashenzari
Cheibriados
Dithmenos
Fedhas
Gozag
Kikubaaqudgha
Okawaru
Sif Muna
Trog
Uskayaw
Vehumet
Yredelemnul

Shops:
D:4 (   D:11 *

Annotations:
Lair:3 gainkiller's ghost, journeyman DrEE


Innate Abilities, Weirdness & Mutations

You are resistant to torment.
Your stone body is resilient. (AC +9)
You are immune to poison.
You resist negative energy. (rN+)
You are resistant to electric shocks. (rElec)
You can survive without breathing.
You are immune to petrification.
You are immune to rotting.
You are partially covered in slimy green scales. (AC +2)
You are partially covered in thin metallic scales. (AC +2)
You tend to lose your temper in combat.
Your flesh is heat resistant. (rF+)
Your magical capacity is extremely low. (-30% MP)
You are somewhat resistant to further mutation.
You are robust. (+10% HP)
You expend magic power (3 MP) to strengthen your wands.


Message History

The stinking cloud engulfs gainkiller's ghost.
Gainkiller's ghost appears unharmed.
You hear a howl!
You hear a loud, deep croak!
You miss gainkiller's ghost.
Gainkiller's ghost is severely damaged.
Gainkiller's ghost hits you but does no damage.
You writhe in agony.
You hit gainkiller's ghost.
Gainkiller's ghost is severely damaged.
Gainkiller's ghost gestures at you while chanting.
The stone arrow misses you.
You closely miss gainkiller's ghost.
Gainkiller's ghost is severely damaged.
Gainkiller's ghost gestures at you while chanting.
The stone arrow hits you!
* * * LOW HITPOINT WARNING * * *
You miss gainkiller's ghost.
Gainkiller's ghost is severely damaged.
Gainkiller's ghost hits you!
You die...

#...............
###...............
#P#.......<.......
#.................
#................
##.........###...
#......).....###.
##.#P.§#W......
#.###§@##......# ##.##
# ###§....♣...# ....
#.#... .#....h...#...
#..P.. .# ##........
P.P.## #######..♣..###
##.#..
##.............#
....##..............#
##......# ..♣..♣.<.♣.+
#.......+............#


You could see a wolf (wandering) and gainkiller's ghost.

Vanquished Creatures
  The ghost of Leonis the Cleaver, a journeyman HOFi of Beogh (Lair:2)
  2 hydras
  2 two-headed ogres
  3 death yaks (Lair:2)
  A catoblepas (Lair:1)
  Nergalle (Lair:2)
  Pikel (D:7)
  An ugly thing (D:9)
  A manticore (D:12)
  Joseph (D:7)
  Psyche (D:10)
  3 black mambas
  3 spiny frogs (Lair:2)
  A gargoyle (D:11)
  3 komodo dragons
  A troll (D:12)
  3 hornets (D:9)
  Grinder (D:6)
  6 slime creatures (D:12)
  5 hippogriffs
  18 yaks
  A spriggan (Lair:3)
  2 wyverns
  3 basilisks
  2 hungry ghosts
  Menkaure (D:4)
  A soldier ant (D:9)
  2 acid dragons
  3 water moccasins
  6 porcupines
  7 orc warriors
  A slave (D:7)
  6 ogres
  2 ice beasts
  3 sky beasts
  3 phantoms
  7 centaurs
  6 wolves (Lair:2)
  7 crocodiles
  15 bullfrogs
  An earth elemental (D:11)
  3 big kobolds
  A gnoll sergeant (D:7)
  A wyvern skeleton (D:11)
  6 scorpions
  3 killer bees (D:12)
  10 wights
  4 howler monkeys
  3 crimson imps
  3 centaur zombies
  A quasit (D:9)
  3 bullfrog skeletons
  A jelly (D:8)
  5 orc priests
  11 hounds
  20 orc wizards
  Crazy Yiuf (D:7)
  3 centaur skeletons
  6 iguanas
  6 worker ants
  2 big kobold zombies (Ossuary)
  2 mummies (Ossuary)
  3 worker ant zombies
  7 adders
  4 gnolls
  A shadow imp (D:5)
  An ooze (D:1)
  2 adder zombies (Ossuary)
  2 adder skeletons
  5 worms
  A dart slug (D:1)
  6 leopard geckos
  40 orcs
  7 giant cockroaches
  7 goblins
  9 hobgoblins
  15 jackals
  21 kobolds
  5 quokkas
  A ball python (D:2)
  9 bats
  10 frilled lizards
  10 hobgoblin zombies (Ossuary)
  A jackal skeleton (D:4)
  A jackal zombie (D:5)
  10 kobold zombies (Ossuary)
  A leopard gecko skeleton (D:6)
  A leopard gecko zombie (D:6)
  9 orc zombies (Ossuary)
  6 rats
  3 rat zombies (Ossuary)
431 creatures vanquished.

Vanquished Creatures (others)
  A slave (D:7)
  A centaur (D:7)
  A hound (D:7)
  A quokka (D:3)
  A fungus (Lair:2)
5 creatures vanquished.

Grand Total: 436 creatures vanquished

Notes
Turn   | Place    | Note
-------+----------+-------------------------------------------
     0 | D:1      | ChaseSP the Gargoyle Earth Elementalist began the quest for the Orb.
     0 | D:1      | Reached XP level 1. HP: 10/10 MP: 3/3
    20 | D:1      | Reached skill level 4 in Earth Magic
   167 | D:1      | Reached XP level 2. HP: 9/15 MP: 5/5
   178 | D:1      | Learned a level 2 spell: Passwall
   702 | D:1      | Reached XP level 3. HP: 19/19 MP: 6/6
   708 | D:1      | Reached skill level 5 in Earth Magic
   722 | D:1      | Learned a level 3 spell: Stone Arrow
  1087 | D:2      | Found a shattered altar of Ashenzari.
  1136 | D:2      | Reached skill level 1 in Conjurations
  1208 | D:2      | Found a snail-covered altar of Cheibriados.
  1210 | D:2      | Found an opulent altar of Gozag.
  1214 | D:2      | Found a shadowy altar of Dithmenos.
  1402 | D:2      | Reached XP level 4. HP: 24/24 MP: 4/7
  1618 | D:2      | Found an iron altar of Okawaru.
  1770 | D:3      | Found a basalt altar of Yredelemnul.
  2086 | D:3      | Reached skill level 6 in Earth Magic
  2204 | D:3      | Reached XP level 5. HP: 17/28 MP: 1/8
  2541 | D:4      | Noticed Menkaure
  2545 | D:4      | Killed Menkaure
  2545 | D:4      | Reached skill level 7 in Earth Magic
  2545 | D:4      | Reached XP level 6. HP: 32/32 MP: 9/9
  2654 | D:2      | Found a radiant altar of Vehumet.
  2663 | D:2      | Became a worshipper of Vehumet
  2935 | D:4      | Reached skill level 1 in Armour
  3160 | D:4      | Found Viywuoq's Antique Weapon Shoppe.
  3276 | D:4      | Reached skill level 8 in Earth Magic
  3276 | D:4      | Reached XP level 7. HP: 36/36 MP: 7/10
  3435 | D:5      | Entered Level 5 of the Dungeon
  3800 | D:5      | Found a sand-covered staircase.
  3806 | Ossuary  | Entered an ossuary
  3886 | Ossuary  | Reached * piety under Vehumet
  3886 | Ossuary  | Offered knowledge of Sting by Vehumet.
  4056 | Ossuary  | Reached skill level 9 in Earth Magic
  4324 | Ossuary  | Reached ** piety under Vehumet
  4324 | Ossuary  | Offered knowledge of Searing Ray by Vehumet.
  4410 | Ossuary  | Gained mutation: Your magical capacity is low. (-10% MP) [potion of mutation]
  4410 | Ossuary  | Gained mutation: You tend to lose your temper in combat. [potion of mutation]
  4410 | Ossuary  | Gained mutation: You are partially covered in thin metallic scales. (AC +2) [potion of mutation]
  4618 | D:5      | Reached XP level 8. HP: 12/41 MP: 3/9
  4767 | D:5      | Learned a level 5 spell: Lee's Rapid Deconstruction
  5118 | D:5      | Found a staircase to the Ecumenical Temple.
  5472 | D:6      | Reached skill level 1 in Fighting
  5556 | D:6      | Reached skill level 10 in Earth Magic
  5567 | D:6      | Noticed Grinder
  5572 | D:6      | Killed Grinder
  5733 | D:6      | Offered knowledge of Mephitic Cloud by Vehumet.
  6409 | D:7      | Noticed Pikel
  6457 | D:7      | Noticed Joseph
  6473 | D:7      | Killed Pikel
  6473 | D:7      | Reached skill level 5 in Armour
  6473 | D:7      | Reached skill level 11 in Earth Magic
  6473 | D:7      | Reached XP level 9. HP: 44/52 MP: 3/10
  6499 | D:7      | Killed Joseph
  6590 | D:7      | Reached *** piety under Vehumet
  6806 | D:7      | Reached skill level 5 in Conjurations
  6944 | D:7      | Noticed a two-headed ogre
  6960 | D:7      | Killed a two-headed ogre
  6960 | D:7      | Reached skill level 12 in Earth Magic
  6960 | D:7      | Reached XP level 10. HP: 8/56 MP: 7/11
  7583 | D:7      | Found a blossoming altar of Fedhas.
  7583 | D:7      | Found a hide-covered altar of Uskayaw.
  7585 | D:7      | Found a deep blue altar of Sif Muna.
  7699 | D:7      | Offered knowledge of Ignite Poison by Vehumet.
  7784 | D:7      | Found a shadowy altar of Dithmenos.
  7931 | D:7      | Found an ancient bone altar of Kikubaaqudgha.
  7962 | D:7      | Found a runed door.
  7967 | D:7      | Noticed Crazy Yiuf
  7969 | D:7      | Killed Crazy Yiuf
  8601 | D:8      | Reached **** piety under Vehumet
  8743 | D:8      | Gained mutation: Your large and strong wings let you fly indefinitely. [mutagenic meat]
  8744 | D:8      | Gained mutation: Your magical capacity is very low. (-20% MP) [mutagenic meat]
  8745 | D:8      | Gained mutation: Your spells are a little harder to cast, but a little more powerful. [mutagenic meat]
  8746 | D:8      | Gained mutation: You are partially covered in slimy green scales. (AC +2) [mutagenic meat]
  8747 | D:8      | Gained mutation: Your magical capacity is extremely low. (-30% MP) [mutagenic meat]
  8936 | D:8      | Learned a level 2 spell: Blink
  8998 | D:8      | Offered knowledge of Venom Bolt by Vehumet.
  9694 | D:9      | Found a bloodstained altar of Trog.
  9852 | D:9      | Reached XP level 11. HP: 60/61 MP: 9/10
 10124 | D:9      | Noticed a green ugly thing
 10163 | D:9      | Killed a green ugly thing
 10349 | D:9      | Noticed a two-headed ogre
 10353 | D:9      | Killed a two-headed ogre
 10664 | D:10     | Entered Level 10 of the Dungeon
 10816 | D:10     | Learned a level 4 spell: Petrify
 10865 | D:10     | Reached skill level 1 in Transmutations
 11392 | D:10     | Found a staircase to the Orcish Mines.
 11448 | D:10     | Noticed Psyche
 11480 | D:10     | Killed Psyche
 11480 | D:10     | Reached skill level 5 in Staves
 11765 | D:10     | Reached ***** piety under Vehumet
 11765 | D:10     | Offered knowledge of Iskenderun's Battlesphere by Vehumet.
 12181 | D:11     | Found a staircase to the Lair.
 12201 | D:10     | Reached skill level 5 in Spellcasting
 12273 | D:11     | Lost mutation: Your spells are a little harder to cast, but a little more powerful. [mutagenic meat]
 12276 | D:11     | Lost mutation: Your large and strong wings let you fly indefinitely. [mutagenic meat]
 12277 | D:11     | Gained mutation: Your flesh is heat resistant. (rF+) [mutagenic meat]
 12402 | D:11     | Gained mutation: You are somewhat resistant to further mutation. [mutagenic meat]
 12403 | D:11     | Gained mutation: You are robust. (+10% HP) [mutagenic meat]
 12405 | D:11     | Gained mutation: You expend magic power (3 MP) to strengthen your wands. [mutagenic meat]
 12587 | D:11     | Found Uweih's Pet Rocks.
 12692 | D:11     | Identified a scroll of acquirement
 12693 | D:11     | Got a smoking lajatang
 12694 | D:11     | Identified the +0 lajatang of War {slice, rPois SInv} (You acquired it on level 11 of the Dungeon)
 12835 | D:11     | Reached skill level 5 in Fighting
 12938 | D:12     | Noticed a manticore
 12951 | D:12     | Killed a manticore
 13027 | D:12     | Reached skill level 13 in Earth Magic
 13255 | D:12     | Reached XP level 12. HP: 20/74 MP: 9/14
 14142 | Lair:1   | Entered Level 1 of the Lair of Beasts
 14145 | Lair:1   | Noticed a five-headed hydra
 14155 | Lair:1   | Killed a five-headed hydra
 14529 | Lair:1   | Noticed a catoblepas
 14535 | Lair:1   | Killed a catoblepas
 15424 | Lair:1   | Reached skill level 14 in Earth Magic
 15529 | Lair:2   | Noticed Leonis's ghost (journeyman HOFi)
 15683 | Lair:2   | Killed Leonis's ghost
 15815 | Lair:2   | Noticed Nergalle
 15835 | Lair:2   | Killed Nergalle
 16227 | Lair:2   | Offered knowledge of Sticky Flame by Vehumet.
 16404 | Lair:2   | Reached XP level 13. HP: 47/79 MP: 6/16
 17039 | Lair:2   | Reached skill level 15 in Earth Magic
 17246 | Lair:2   | Upgraded the game from 0.20-b1-12-g5827e59 to 0.20-b1-18-gaa2fd62
 17306 | D:11     | Bought an uncursed staff of earth for 325 gold pieces
 17576 | Lair:3   | Noticed gainkiller's ghost (journeyman DrEE)
 17875 | Lair:3   | HP: 1/79 [gainkiller's ghost/stone arrow (30)]
 17876 | Lair:3   | Mangled by gainkiller's ghost

Skill      XL: |  1  2  3  4  5  6  7  8  9 10 11 12 13 |
---------------+----------------------------------------+-----
Earth Magic    | 4 5 6 7 8 9 11 12 13 14 15 | 15.3
Conjurations   | 1 2 3 6 8 |  8.7
Armour         | 1 3 5 6 7 |  7.4
Fighting       | 4 5 |  5.1
Dodging        | 3 4 |  4.9
Staves         | 2 4 5 8 9 |  9.4
Spellcasting   | 3 6 7 |  7.8
Transmutations | 2 |  2.3
Stealth        | |  2.1

Action                   |  1- 3 |  4- 6 |  7- 9 | 10-12 | 13-15 || total
-------------------------+-------+-------+-------+-------+-------++-------
Melee: Unarmed           |    12 |       |       |       |       ||    12
       Short sword       |   132 |   251 |       |       |       ||   383
       Flail             |       |    51 |   294 |       |       ||   345
       Quarterstaff      |       |       |   120 |   549 |       ||   669
       Rapier            |       |       |    30 |       |       ||    30
       Lajatang          |       |       |       |   320 |    56 ||   376
       Staff             |       |       |       |       |    15 ||    15
 Cast: Sandblast         |     8 |    21 |    45 |    81 |    44 ||   199
       Passwall          |     1 |     1 |       |       |       ||     2
       Stone Arrow       |     1 |     2 |     7 |    54 |     9 ||    73
       Lee's Rapid Decon |       |       |       |    38 |     7 ||    45
 Abil: Fly               |       |       |       |     1 |       ||     1
Evoke: Wand              |       |     4 |       |       |       ||     4
  Use: Scroll            |       |     3 |    10 |    10 |       ||    23
       Potion            |       |       |     4 |     8 |       ||    12
 Stab: Sleeping          |     2 |     1 |     2 |     4 |       ||     9
  Eat: Chunk             |     1 |     9 |    12 |    52 |     2 ||    76
       Fruit             |       |       |     2 |       |     4 ||     6
       Royal jelly       |       |       |       |     3 |       ||     3
       Meat ration       |       |       |       |     1 |       ||     1
Armor: Robe              |    12 |       |       |       |       ||    12
       Leather armour    |    54 |    13 |   245 |   657 |    47 ||  1016
       Ring mail         |       |   218 |     4 |       |       ||   222
Dodge: Dodged            |    83 |   274 |   361 |   778 |    51 ||  1547
